 Dungeon Crawl Stone Soup version 0.31-b1-22-gc680215f68 (webtiles) character file.

Game seed: 16672693966324785544

340 Djon the Chopper (level 6, -1/57 HPs)
             Began as a Hill Orc Fighter on Jan 18, 2024.
             Killed from afar by an orc wizard (4 damage)
             ... with a magic dart
             ... on level 4 of the Dungeon.
             The game lasted 00:02:59 (2789 turns).

Djon the Chopper (Hill Orc Fighter)                 Turns: 2789, Time: 00:03:01

Health: -1/57      AC: 10    Str: 19    XL:     6   Next: 56%
Magic:  6/6        EV:  7    Int: 10    God:
Gold:   170        SH:  4    Dex: 10    Spells: 5/5 levels left

rFire   . . .        a - +0 war axe
rCold   + . .        c - +0 buckler
rNeg    . . .        n - +0 chain mail
rPois   .            (no helmet)
rElec   .            (no cloak)
rCorr   .            u - +0 pair of gloves
SInv    .            (no boots)
Will    .....        (no amulet) Stlth
                     l - ring of protection from cold
HPRegen 0.29/turn    (no ring)
MPRegen 0.10/turn

%: no passive effects
@: lethally poisoned (-1 -> -27)
A: no striking features
a: no special abilities


You were on level 4 of the Dungeon.
You visited 1 branch of the dungeon, and saw 4 of its levels.

You collected 170 gold pieces.

Inventory:

Hand Weapons
 a - a +0 war axe (weapon)
Missiles
 i - 5 silver javelins (quivered)
Armour
 c - a +0 buckler (worn)
 n - a +0 chain mail (worn)
 u - a +0 pair of gloves (worn)
Jewellery
 l - a ring of protection from cold (left hand)
 t - an amulet of faith
Scrolls
 b - a scroll of enchant weapon {unknown}
 f - 4 scrolls of teleportation {unknown}
 g - 3 scrolls of identify {unknown}
 j - a scroll of revelation {unknown}
 q - 3 scrolls of immolation {unknown}
 r - a scroll of noise {unknown}
 s - a scroll of fear {unknown}
 v - a scroll of amnesia {unknown}
Potions
 d - a potion of might
 e - 2 potions of heal wounds {unknown}
 h - 5 potions of degeneration {unknown}
 k - 5 potions of mutation {unknown}
 m - 2 potions of lignification {unknown}
 o - 2 potions of enlightenment {unknown}
 p - a potion of curing {unknown}
 w - a potion of attraction {unknown}


   Skills:
 + Level 5.7 Fighting
 * Level 7.4 Axes
 - Level 3.2 Armour
 - Level 3.2 Shields


You had 5 spell levels left.
You didn't know any spells.
Your spell library contained the following spells:

 Spells                   Type           Power      Damage    Failure   Level
 Apportation              Tloc           0%         N/A       99%         1
 Summon Small Mammal      Summ           0%         N/A       99%         1
 Cigotuvi's Dreadful Rot  Necr/Alch/Air  0%         N/A       99%         2
 Ensorcelled Hibernation  Hex/Ice        0%         N/A       99%         2
 Jinxbite                 Hex            0%         N/A       99%         2
 Call Canine Familiar     Summ           0%         N/A       100%        3
 Passwall                 Erth           0%         N/A       100%        3
 Stone Arrow              Conj/Erth      0%         3d7       100%        3
 Swiftness                Air            0%         N/A       100%        3
 Animate Armour           Summ/Erth      0%         N/A       100%        4
 Dispel Undead            Necr           0%         3d6       100%        4
 Martyr's Knell           Necr/Summ      0%         N/A       100%        4
 Summon Blazeheart Golem  Fire/Summ      0%         N/A       100%        4
 Alistair's Intoxication  Alch           0%         N/A       100%        5
 Death Channel            Necr           0%         N/A       100%        6
 Haunt                    Necr/Summ      0%         N/A       100%        7
 Borgnjor's Revivificati  Necr           0%         N/A       100%        8
 Lehudib's Crystal Spear  Conj/Erth      0%         10d2      100%        8
 Death's Door             Necr           0%         N/A       100%        9


Dungeon Overview and Level Annotations

Branches:
Dungeon (4/15)
 Temple: D:4-7

Altars:


Message History

You kill the orc!
An orc comes into view. It is wielding a +0 hand axe.
The orc shouts!
You slash the orc!
You kill the orc!
A puff of flame appears from out of thin air!
The puff of flame hits you.
Items here: )) ††.
You hit something. Something hits you.
You are poisoned.
You closely miss something.
You feel very sick. Something hits you.
You are more poisoned.
You barely miss something.
You feel very sick. Something hits you but does no damage.
You are more poisoned.
Something hits you but does no damage.
You are more poisoned.
You hit something.
You feel extremely sick. Something hits you but does no damage.
You are lethally poisoned!
You closely miss something.
You feel extremely sick. Something hits you but does no damage.
You are more poisoned.
You closely miss something.
* * * LOW HITPOINT WARNING * * *
You feel extremely sick. Something hits you but does no damage.
You are more poisoned.
You slash something!
* * * LOW HITPOINT WARNING * * *
You feel extremely sick.
You hear some strange, mumbled words.
A magic dart appears from out of thin air!
The magic dart hits you.
You die...

#. #.# # #.###
#.####...##
#..<......##
####.......#
#.......#####
#...........#
#....>..###@#
#.#...#.###{####
######.##.#.....o...#
....................#
.#####.##.#.........#
.# #.##.#.<.......#
.# #..........†)..#
.# #.##.#.........#
.#####.. #.........#


You could see an orc.

Vanquished Creatures
  A water moccasin (D:3)
  2 hounds (D:4)
  Natasha (thrice) (D:2)
  2 adders
  A dart slug (D:1)
  A ribbon worm (D:3)
  12 orcs
  3 bats
  11 endoplasms
  5 giant cockroaches
  3 goblins
  4 hobgoblins
  4 jackals (D:4)
  2 quokkas
  9 ball pythons
  6 frilled lizards
  A kobold (D:2)
  6 rats
76 creatures vanquished.

Notes
Turn   | Place    | Note
-------+----------+-------------------------------------------
     0 | D:1      | Djon the Hill Orc Fighter began the quest for the Orb.
     0 | D:1      | Reached XP level 1. HP: 19/19 MP: 1/1
    64 | D:1      | Reached skill level 3 in Axes
   211 | D:1      | Reached XP level 2. HP: 23/27 MP: 2/2
   566 | D:1      | Reached skill level 4 in Axes
   680 | D:1      | Reached XP level 3. HP: 33/33 MP: 3/3
   736 | D:2      | Noticed Natasha
   749 | D:2      | Killed Natasha
   827 | D:2      | Noticed Natasha
   835 | D:2      | Killed Natasha
   836 | D:2      | Reached skill level 5 in Axes
   836 | D:2      | Reached XP level 4. HP: 15/41 MP: 4/4
  1115 | D:2      | Noticed Natasha
  1125 | D:2      | Killed Natasha
  1292 | D:2      | Reached XP level 5. HP: 47/47 MP: 5/5
  1628 | D:3      | Noticed a water moccasin
  1642 | D:3      | Killed a water moccasin
  1643 | D:3      | Reached skill level 5 in Fighting
  1643 | D:3      | Reached skill level 6 in Axes
  1643 | D:3      | Reached XP level 6. HP: 42/56 MP: 6/6
  1970 | D:3      | Found a faded altar of an unknown god.
  2428 | D:3      | Reached skill level 7 in Axes
  2789 | D:4      | Killed from afar by an orc wizard

Illustrated notes

Levels and vault maps discovered:
D:1:      zelgadis_glass_arrival_small, layout_loops_ring,
          nicolae_concentric_dashed_squares_wild
D:2:      layout_rooms, uniq_natasha
D:3:      layout_loops_corners, ebering_ecumenical_altar_mist,
          nicolae_kite_square_tiling_tiny
D:4:      layout_loops_ring, uniq_menkaure, uniq_ijyb, uniq_robin

Skill      XL: |  1  2  3  4  5  6 |
---------------+-------------------+-----
Axes           | 3 4 5 6 7 |  7.4
Fighting       | 4 5 |  5.7
Armour         | |  3.2
Shields        | |  3.2

Action                     |  1- 3 |  4- 6 || total
---------------------------+-------+-------++-------
  Melee: War axe           |    83 |   149 ||   232
  Throw: Javelin           |       |     1 ||     1
 Armour: Scale mail        |    63 |    10 ||    73
         Chain mail        |       |    94 ||    94
  Dodge: Dodged            |    43 |    41 ||    84
  Block: Buckler           |    21 |    25 ||    46
